 Dungeon Crawl Stone Soup version 0.30-a0-50-gb2d611f6b1 (webtiles) character file.

Game seed: 12199450588233472806

59479 Murumi the Peltast (level 15, -16/120 HPs)
             Began as a Formicid Fighter on Sept 3, 2022.
             Was the Champion of Okawaru.
             Demolished by a dream sheep (28 damage)
             ... on level 2 of the Lair of Beasts on Sept 5, 2022.
             The game lasted 01:21:02 (26231 turns).

Murumi the Peltast (Formicid Fighter)              Turns: 26231, Time: 01:21:02

Health: -16/120    AC: 27    Str: 22    XL:     15   Next: 34%
Magic:  21/21      EV:  2    Int: 16    God:    Okawaru [******]
Gold:   1464       SH:  0    Dex: 19    Spells: 14/14 levels left

rFire   . . .      SeeInvis +    I - +0 great mace
rCold   . . .      Faith    .    a - +0 kite shield {rN+}
rNeg    + . .      Spirit   .    i - +2 storm dragon scales
rPois   .          Reflect  .    (helmet unavailable)
rElec   +          Harm     .    g - +1 cloak
rCorr   .          Rampage  +    C - +1 pair of gloves {Stlth+}
Will    ++...                    J - +3 pair of boots "Coasei" {Rampage Str+2}
Stlth   ++........               G - amulet of regeneration
HPRegen 1.10/turn                B - +6 ring of dexterity
MPRegen 0.17/turn                o - ring of willpower

@: lethally poisoned (-16 -> -21), sleeping
A: permanent stasis, dig shafts and tunnels, antennae 3, four strong arms
a: Dig, Shaft Self, Renounce Religion, Heroism, Finesse, Duel


You were on level 2 of the Lair of Beasts.
You worshipped Okawaru.
Okawaru was exalted by your worship.
You visited 3 branches of the dungeon, and saw 19 of its levels.

You collected 1464 gold pieces.

Inventory:

Hand Weapons
 x - a +0 giant spiked club
 I - a +0 great mace (weapon)
Missiles
 c - 5 throwing nets
 d - 19 javelins
 k - 29 poisoned darts
 l - 23 stones (quivered)
 s - 4 boomerangs of dispersal
 F - 3 datura-tipped darts
 O - 7 curare-tipped darts
Armour
 a - a +0 kite shield of positive energy (worn)
 g - a +1 cloak (worn)
 i - +2 storm dragon scales (worn)
 C - a +1 pair of gloves of stealth (worn)
 J - the +3 pair of boots "Coasei" (worn) {Rampage Str+2}
   (You found it on level 13 of the Dungeon)

   Str:       It affects your strength (+2).
   Rampage:   It bestows one free step when moving towards enemies.
Jewellery
 f - a ring of resist corrosion
 o - a ring of willpower (right hand)
 y - an amulet of guardian spirit
 B - a +6 ring of dexterity (left hand)
 G - an amulet of regeneration (around neck)
 N - a ring of ice
 Q - a ring of fire
Wands
 q - a wand of iceblast (49)
 w - a wand of flame (32)
 E - a wand of quicksilver (5)
 K - a wand of digging (8)
 P - a wand of mindburst (3)
Scrolls
 m - 12 scrolls of identify
 p - 2 scrolls of magic mapping
 u - 4 scrolls of poison
 v - 3 scrolls of amnesia
 A - 2 scrolls of fear
 L - a scroll of silence
Potions
 b - 3 potions of resistance
 e - 2 potions of might
 h - a potion of ambrosia
 j - 2 potions of curing
 n - a potion of cancellation
 r - a potion of heal wounds
 t - 4 potions of attraction
 z - a potion of brilliance
 D - a potion of mutation
 M - a potion of flight
Miscellaneous
 H - a lightning rod (4/4)


   Skills:
 - Level 12.0 Fighting
 - Level 11.0 Maces & Flails
 - Level 6.0 Throwing
 - Level 12.0 Armour
 - Level 5.0 Dodging
 - Level 9.0 Stealth
 + Level 16.4 Shields
 - Level 8.0 Invocations
 - Level 7.0 Evocations


You had 14 spell levels left.
You didn't know any spells.
Your spell library contained the following spells:

 Spells                   Type           Power      Damage    Failure   Level
 Apportation              Tloc           0%         N/A       90%         1
 Beastly Appendage        Tmut           0%         N/A       90%         1
 Freeze                   Ice            0%         1d3       90%         1
 Magic Dart               Conj           0%         1d3       90%         1
 Ensorcelled Hibernation  Hex/Ice        0%         N/A       97%         2
 Passwall                 Tmut/Erth      0%         N/A       97%         2
 Wereblood                Tmut           0%         N/A       97%         2
 Frozen Ramparts          Ice            0%         1d1       99%         3
 Mephitic Cloud           Conj/Pois/Air  0%         N/A       99%         3
 Spider Form              Tmut/Pois      0%         N/A       99%         3
 Stone Arrow              Conj/Erth      0%         3d7       99%         3
 Hailstorm                Conj/Ice       0%         3d3       100%        4
 Alistair's Intoxication  Tmut/Pois      0%         N/A       100%        5
 Fireball                 Conj/Fire      0%         3d3       100%        5
 Iskenderun's Battlesphe  Conj           0%         2d6       100%        5
 Conjure Ball Lightning   Conj/Air       0%         3x3d6     100%        6
 Orb of Destruction       Conj           0%         9d5       100%        7
 Lehudib's Crystal Spear  Conj/Erth      0%         10d2      100%        8
 Chain Lightning          Conj/Air       0%         N/A       100%        9
 Fire Storm               Conj/Fire      0%         5d1       100%        9
 Shatter                  Erth           0%         3d5*      100%        9
 Call Imp                 Summ           Unusable   N/A       N/A         2
 Summon Guardian Golem    Hex/Summ       Unusable   N/A       N/A         3
 Swiftness                Air            Unusable   N/A       N/A         3
 Animate Armour           Summ/Erth      Unusable   N/A       N/A         4
 Spellforged Servitor     Conj/Summ      Unusable   N/A       N/A         7

Dungeon Overview and Level Annotations

Branches:
Dungeon (15/15)            Temple (1/1) D:7            Lair (3/5) D:9
  Swamp (0/4) Lair:2          Orc (0/2) D:12         Vaults (0/5) D:13
 Depths (0/4) D:15
  Snake: Lair:2-3    Spider: Lair:2-3

Altars:
Ashenzari
Cheibriados
Dithmenos
Elyvilon
Fedhas
Gozag
Hepliaklqana
Kikubaaqudgha
Makhleb
Nemelex Xobeh
Okawaru
Qazlal
Ru
Sif Muna
Trog
Uskayaw
Vehumet
Wu Jian
Xom
Yredelemnul
Zin
The Shining One

Shops:
D:14 (

Portals:
Trove: D:15 (give +2 storm dragon scales)


Innate Abilities, Weirdness & Mutations

You cannot be hasted, slowed, berserked, paralysed or teleported.
You can dig through walls and to a lower floor.
You have a pair of large antennae on your head. (SInv)
Your four strong arms can wield two-handed weapons with a shield.


Message History

The cane toad barely misses you.
You sock the cane toad!
The cane toad is severely wounded.
You block the cane toad's attack. x2
You closely miss the cane toad.
The cane toad is severely wounded.
The dream sheep shake their wool and sparkle.
You feel drowsy...
You fall asleep.
The cane toad stings you but does no damage.
The cane toad stings you!!!
You wake up.
You are too injured to fight recklessly!
You are too injured to fight recklessly!
You closely miss the cane toad.
The cane toad is severely wounded.
The cane toad stings you but does no damage.
The cane toad stings you.
You are poisoned.
The cane toad poisons you!
You barely miss the cane toad.
The cane toad is severely wounded.
You feel very sick. The cane toad stings you!
You are more poisoned.
The cane toad poisons you!
You thump the cane toad!
The cane toad is almost dead.
You feel extremely sick. The cane toad stings you!
* * * LOW HITPOINT WARNING * * *
You block the cane toad's attack.
Unknown command.
You bludgeon the cane toad!!
You kill the cane toad!
Okawaru accepts your kill.
You feel very sick.
The dream sheep shake their wool and sparkle.
You feel drowsy...
You fall asleep.
You feel very sick. The dream sheep bites you!!
You die...

.......#######.#.#### ##.######.
.......+.#....!....P####.........
...................##.#..........
.....................###.........
.......#.#.............'.........
...................P.###.........
.......P##.........### ###.#+.###
.......###.........# ##...##
...##.## #######@#.# #.#.P#
#...###### ##.#Y### ###..#
###+###..# ##...Y#### #####.####
.......#####.#..###.# #..#P.##.##
.........##.........###.....[...#
.......#..#...>.....#............
.................[...[...........
.......#####......<...#.........#
.......# ##........#.#.........#


You could see 2 dream sheep.

Vanquished Creatures
  Gastronok (Lair:2)
  Harold (D:9)
  A catoblepas (D:13)
  A rakshasa (D:15)
  5 hydras
  Erica (D:9)
  6 centaur warriors
  2 dancing weapons (D:13)
  3 two-headed ogres
  12 death yaks (Lair:2)
  4 tengu warriors (D:13)
  Urug (Lair:1)
  Sonja (Lair:2)
  A fire crab (shapeshifter) (D:15)
  Amaemon (Lair:1)
  A glowing orange brain (D:15)
  Pikel (D:9)
  An orc knight (D:15)
  2 deep elf pyromancers
  4 cyclopes
  14 ugly things
  4 manticores
  2 centaur zombies (D:10)
  2 black mambas (Lair:1)
  4 cane toads (Lair:2)
  An orange demon (Lair:1)
  A cane toad (shapeshifter) (D:14)
  2 gargoyles
  A rime drake (Lair:1)
  Maggie (D:9)
  2 tengu conjurers (D:13)
  2 guardian mummies (D:15)
  2 komodo dragons (Lair:1)
  A polar bear (Lair:2)
  31 slime creatures
  2 trolls
  A merfolk (shapeshifter) (D:15)
  A hornet (D:6)
  2 dream sheep (Lair:2)
  3 blink frogs (Lair:1)
  A shadow (D:10)
  2 vampires
  3 wyverns
  19 yaks
  A wraith (D:12)
  2 basilisks
  5 vampire mosquitoes
  2 steam dragons
  4 acid dragons
  6 water moccasins
  A black bear (shapeshifter) (D:13)
  7 orc warriors
  2 ice beasts
  4 wolves (Lair:2)
  An ogre (D:6)
  7 centaurs
  2 lemures (D:9)
  3 phantoms (D:5)
  3 kobold brigands
  A necrophage (D:5)
  9 bullfrogs
  2 gnoll sergeants
  3 scorpions
  10 wights
  6 killer bees
  2 howler monkeys (D:13)
  3 electric eels (D:12)
  A gnoll bouda (D:5)
  2 jellies
  5 orc priests
  5 hounds
  An iguana (D:4)
  9 orc wizards
  Robin (D:3)
  4 adders
  27 gnolls
  2 shadow imps
  2 white imps
  2 ufetubi
  A worm (D:2)
  2 dart slugs
  38 orcs
  6 endoplasms
  3 giant cockroaches
  34 goblins
  36 hobgoblins
  5 jackals
  2 quokkas
  3 training dummies (D:14)
  8 ball pythons
  2 frilled lizards
  20 kobolds
  4 rats
465 creatures vanquished.

Vanquished Creatures (collateral kills)
  3 orcs
3 creatures vanquished.

Vanquished Creatures (others)
  A wizard (D:15)
  An orc (D:12)
  9 fungi
  7 plants
18 creatures vanquished.

Grand Total: 486 creatures vanquished

Notes
Turn   | Place    | Note
-------+----------+-------------------------------------------
     0 | D:1      | Murumi the Formicid Fighter began the quest for the Orb.
     0 | D:1      | Reached XP level 1. HP: 18/18 MP: 1/1
    77 | D:1      | Reached XP level 2. HP: 21/25 MP: 2/2
   503 | D:1      | Found a faded altar of an unknown god.
  1351 | D:2      | Reached XP level 3. HP: 23/30 MP: 3/3
  1718 | D:2      | Reached skill level 1 in Stealth
  1872 | D:2      | Reached skill level 1 in Throwing
  2382 | D:3      | Reached XP level 4. HP: 37/37 MP: 4/4
  2427 | D:3      | Reached skill level 1 in Dodging
  2854 | D:3      | Reached XP level 5. HP: 37/42 MP: 5/5
  3080 | D:3      | Identified the +1 helmet of Abeon {Contam Rampage Int+5}
  3080 | D:3      | Noticed Robin
  3094 | D:3      | Killed Robin
  3708 | D:4      | Found a burning altar of Makhleb.
  3845 | D:4      | Reached skill level 5 in Shields
  3909 | D:4      | Reached XP level 6. HP: 34/48 MP: 6/6
  4017 | D:4      | Reached skill level 6 in Shields
  4591 | D:4      | Reached XP level 7. HP: 50/54 MP: 7/7
  5763 | D:5      | Entered Level 5 of the Dungeon
  5849 | D:5      | Reached skill level 5 in Fighting
  6062 | D:5      | Reached skill level 5 in Armour
  6114 | D:5      | Reached XP level 8. HP: 55/62 MP: 8/8
  6193 | D:5      | Reached skill level 7 in Shields
  6255 | D:5      | Found a shimmering blue altar of Sif Muna.
  6567 | D:5      | Reached skill level 8 in Shields
  7180 | D:5      | Found a sacrificial altar of Ru.
  7318 | D:5      | Reached skill level 1 in Evocations
  7581 | D:5      | Reached skill level 5 in Maces & Flails
  7650 | D:6      | Noticed a troll
  7689 | D:6      | Found a bloodstained altar of Trog.
  8050 | D:6      | Reached XP level 9. HP: 67/69 MP: 9/9
  8724 | D:7      | Noticed a hornet
  8793 | D:6      | Killed a hornet
  8794 | D:6      | Reached skill level 9 in Shields
  8984 | D:7      | Found a staircase to the Ecumenical Temple.
  9005 | Temple   | Entered the Ecumenical Temple
  9567 | D:7      | Found an ornate altar of the Wu Jian Council.
 10775 | D:6      | Killed a troll
 11066 | D:8      | Reached XP level 10. HP: 76/79 MP: 10/10
 11071 | D:8      | Reached skill level 5 in Stealth
 11281 | D:8      | Found a hide-covered altar of Uskayaw.
 11330 | D:8      | Noticed a two-headed ogre
 11355 | D:8      | Killed a two-headed ogre
 11356 | D:8      | Reached skill level 10 in Shields
 12021 | D:8      | Found an iron altar of Okawaru.
 12282 | D:8      | Found a glowing golden altar of the Shining One.
 12475 | D:9      | Noticed Harold
 12495 | D:9      | Killed Harold
 12933 | D:9      | Found a radiant altar of Vehumet.
 12936 | D:9      | Found a glowing silver altar of Zin.
 13213 | D:9      | Reached skill level 11 in Shields
 13358 | D:8      | Reached XP level 11. HP: 41/84 MP: 11/11
 13551 | D:9      | Noticed Erica
 13560 | D:9      | Killed Erica
 13599 | D:9      | Noticed Pikel
 13636 | D:9      | Killed Pikel
 13712 | D:9      | Found a staircase to the Lair.
 13769 | D:9      | Found a shadowy altar of Dithmenos.
 14087 | D:9      | Noticed Maggie
 14097 | D:9      | Killed Maggie
 14373 | D:10     | Entered Level 10 of the Dungeon
 14664 | D:10     | Identified the +4 leather armour of Qazlal's Castigation
                  | {rN+}
 14808 | D:10     | Noticed a two-headed ogre
 14820 | D:10     | Killed a two-headed ogre
 14821 | D:10     | Reached skill level 12 in Shields
 15372 | D:8      | Became a worshipper of Warmaster Okawaru
 15429 | D:10     | Reached skill level 1 in Invocations
 15638 | D:10     | Noticed a two-headed ogre
 15648 | D:10     | Killed a two-headed ogre
 15649 | D:10     | Reached XP level 12. HP: 95/95 MP: 11/14
 15854 | D:10     | Found a shimmering altar of Xom.
 15964 | D:10     | Found a basalt altar of Yredelemnul.
 16111 | D:11     | Reached * piety under Okawaru
 16241 | D:11     | Reached skill level 5 in Invocations
 16881 | D:11     | Reached skill level 5 in Evocations
 17835 | D:12     | Reached ** piety under Okawaru
 17955 | D:12     | Reached skill level 10 in Fighting
 18137 | D:12     | Found a staircase to the Orcish Mines.
 18615 | D:13     | Noticed a war gargoyle
 18801 | D:13     | Noticed a six-headed hydra
 18809 | D:13     | Killed a six-headed hydra
 18810 | D:13     | Reached skill level 10 in Armour
 18940 | D:13     | Noticed a centaur warrior
 18955 | D:13     | Killed a centaur warrior
 19059 | D:13     | Noticed a centaur warrior
 19059 | D:13     | Noticed a tengu warrior
 19059 | D:13     | Noticed a tengu warrior
 19060 | D:13     | Noticed a centaur warrior
 19084 | D:13     | Killed a tengu warrior
 19084 | D:13     | Reached *** piety under Okawaru
 19093 | D:13     | Reached skill level 13 in Shields
 19109 | D:13     | Noticed a centaur warrior
 19116 | D:13     | Killed a centaur warrior
 19125 | D:13     | Killed a centaur warrior
 19125 | D:13     | Received a gift from Okawaru
 19125 | D:13     | Reached **** piety under Okawaru
 19482 | D:13     | Killed a centaur warrior
 19483 | D:13     | Reached XP level 13. HP: 103/103 MP: 17/17
 19800 | D:13     | Noticed a centaur warrior
 19832 | D:13     | Killed a centaur warrior
 19911 | D:13     | Reached skill level 14 in Shields
 19993 | D:13     | Noticed a catoblepas
 20035 | D:13     | Killed a catoblepas
 20195 | D:13     | Reached ***** piety under Okawaru
 20270 | D:13     | Found a gate to the Vaults.
 20282 | D:13     | Reached skill level 5 in Throwing
 20286 | D:13     | Received a gift from Okawaru
 20535 | D:13     | Identified the +3 pair of boots "Coasei" {Rampage Str+2}
 20643 | D:13     | Noticed a five-headed hydra
 20659 | D:13     | Killed a five-headed hydra
 21377 | D:14     | Received a gift from Okawaru
 21834 | D:14     | Noticed a centaur warrior
 21847 | D:14     | Killed a centaur warrior
 22116 | D:14     | Reached skill level 10 in Maces & Flails
 22135 | D:14     | Found Igedis's Firing Range.
 22312 | D:15     | Entered Level 15 of the Dungeon
 22505 | D:15     | Reached XP level 14. HP: 109/113 MP: 19/19
 22806 | D:15     | Received a gift from Okawaru
 22907 | D:15     | Reached skill level 15 in Shields
 23074 | D:15     | Found a staircase to the Depths.
 23127 | D:15     | Found a portal to a secret trove of treasure.
 23653 | D:15     | Received a gift from Okawaru
 24119 | Lair:1   | Entered Level 1 of the Lair of Beasts
 24233 | Lair:1   | Noticed Urug
 24247 | Lair:1   | Killed Urug
 24454 | Lair:1   | Noticed Amaemon
 24479 | Lair:1   | Killed Amaemon
 24486 | Lair:1   | Reached skill level 16 in Shields
 24592 | Lair:1   | Received a gift from Okawaru
 25002 | Lair:2   | Noticed Gastronok
 25017 | Lair:2   | Killed Gastronok
 25018 | Lair:2   | Reached skill level 5 in Dodging
 25133 | Lair:2   | Found a staircase to the Swamp.
 25306 | Lair:2   | Reached ****** piety under Okawaru
 25307 | Lair:2   | Reached XP level 15. HP: 109/120 MP: 21/21
 25372 | Lair:2   | Noticed Sonja
 25405 | Lair:2   | Killed Sonja
 26108 | Lair:2   | Received a gift from Okawaru
 26231 | Lair:2   | Demolished by a dream sheep

Illustrated notes

Levels and vault maps discovered:
D:1:      tarquinn_simple_flora_water_f, layout_loops_corners,
          hellmonk_ecumenical_altar_pennies_from_heaven
D:2:      layout_loops_corners
D:3:      layout_loops_corners, uniq_robin
D:4:      minmay_goblin_kobold_castle, layout_basic, makhleb_heckhound_becter
D:5:      layout_rooms, nicolae_overflow_crystal_walls, nicolae_ru_path_of_blood
D:6:      corexii_shack_village, layout_loops_ring, lemuel_round_altar
D:7:      layout_rooms, lemuel_crystal_altar, temple_fountains,
          kennysheep_cluttered_room
D:8:      layout_basic, mainiacjoe_overflow_alcove_1,
          mainiacjoe_overflow_small_starburst, general_overflow_altar,
          st_stairs_5
D:9:      layout_gridville, mainiacjoe_overflow_catwalk,
          nicolae_overflow_squiral, dpeg_oklobed_lair, uniq_erica, uniq_maggie,
          uniq_pikel, uniq_harold
D:10:     layout_basic, mainiacjoe_overflow_tiny_flanked,
          lemuel_zombie_altar_yredelemnul
D:11:     layout_irregular_city
D:12:     layout_gridville, erik_orc_2
D:13:     gargoyle_guard, layout_loops_corners, erik_vaults_1,
          minmay_fractal_squares_5
D:14:     layout_cave_pods, kennysheep_pointless_box, nicolae_shop_firing_range
D:15:     gammafunk_enter_depths_forms, layout_basic,
          nicolae_trove_entry_path_of_doom
Temple:   grunt_temple_mini_profane
Lair:1:   layout_loops_ring, uniq_amaemon, uniq_urug
Lair:2:   layout_roguey, swamp_mist, uniq_gastronok, uniq_sonja
Lair:3:   layout_cave_shapes, guppyfry_snake_entry_island,
          chequers_serial_rivers_large_b

Skill      XL: |  1  2  3  4  5  6  7  8  9 10 11 12 13 14 15 |
---------------+----------------------------------------------+-----
Fighting       | 4 5 6 7 8 9 10 11 12 | 12.0
Armour         | 4 5 7 8 9 10 11 12 | 12.0
Stealth        | 1 2 3 4 5 7 8 9 |  9.0
Throwing       | 1 2 3 4 5 6 |  6.0
Dodging        | 1 2 3 4 5 |  5.0
Maces & Flails | 3 4 5 6 7 8 9 10 11 | 11.0
Shields        | 5 6 8 9 11 12 13 14 16 | 16.4
Evocations     | 2 3 4 5 6 7 |  7.0
Invocations    | 3 6 7 8 |  8.0

Action                   |  1- 3 |  4- 6 |  7- 9 | 10-12 | 13-15 || total
-------------------------+-------+-------+-------+-------+-------++-------
Melee: Flail             |   109 |   187 |   542 |   241 |       ||  1079
       Dire flail        |       |       |       |   582 |    78 ||   660
       Great mace        |       |       |       |       |   930 ||   930
Throw: Dart              |       |       |    11 |    17 |     2 ||    30
       Javelin           |       |       |     5 |     3 |       ||     8
       Boomerang         |       |       |     1 |       |       ||     1
       Stone             |       |       |       |   101 |     3 ||   104
       Throwing net      |       |       |       |     1 |       ||     1
Invok: Heroism           |       |       |       |     2 |     8 ||    10
 Abil: Dig               |       |     3 |     1 |     4 |     5 ||    13
Evoke: Wand              |       |       |     1 |       |       ||     1
  Use: Scroll            |     5 |     5 |     8 |     7 |       ||    25
       Potion            |     1 |       |     5 |     3 |     3 ||    12
 Stab: Distracted        |       |       |       |       |     3 ||     3
       Sleeping          |       |       |       |       |     2 ||     2
Armor: Scale mail        |    10 |       |       |       |       ||    10
       Storm dragon scal |    40 |   114 |   422 |   349 |   565 ||  1490
Dodge: Dodged            |    36 |    65 |   235 |   209 |   361 ||   906
Block: Buckler           |    14 |    50 |   201 |    56 |       ||   321
       Kite shield       |       |       |       |   442 |   704 ||  1146

Table legend: (Time is in decaauts)
 A = Elapsed time spent in this place.
 B = Non-inter-level travel time spent in this place.
 C = Inter-level travel time spent in this place.
 D = Time resting spent in this place.
 E = Time spent auto-exploring this place.
 F = Levels seen in this place.
 G = Mean time per level.
                   A        B        C        D        E       F      G
               +--------+--------+--------+--------+--------+-----+--------+
         Total |  26685 |  24415 |   2270 |   2344 |  16631 |  19 | 1404.5 |
       Dungeon |  24287 |  22232 |   2055 |   2327 |  15056 |  15 | 1619.1 |
        Temple |    221 |    183 |     38 |      0 |    180 |   1 |  221.0 |
          Lair |   2176 |   2000 |    176 |     17 |   1395 |   3 |  725.3 |
               +--------+--------+--------+--------+--------+-----+--------+

Top non-repeatable levels by time:
    D:13: 2571 daAuts
     D:4: 2483 daAuts
     D:5: 2163 daAuts
     D:8: 2131 daAuts
    D:15: 1594 daAuts
    D:10: 1562 daAuts
     D:7: 1549 daAuts
     D:9: 1536 daAuts
    D:11: 1505 daAuts
  Lair:2: 1288 daAuts
     D:6: 1269 daAuts
     D:3: 1263 daAuts
    D:14: 1220 daAuts
     D:1: 1211 daAuts
    D:12: 1185 daAuts
